 Dungeon Sprint DCSS version 0.30-a0-51-g784eafce7f (webtiles) character file.

Game seed: 6898540462352936434

1117 Ankalagon the Bludgeoner (level 8, -23/73 HPs)
             Began as a Naga Cinder Acolyte on Sept 5, 2022.
             Was an Elder of Ignis.
             Annihilated by a boulder beetle (24 damage)
             ... in the Dungeon (Sprint II: "The Violet Keep of Menkaure").
             The game lasted 00:07:36 (806 turns).

Ankalagon the Bludgeoner (Naga Cinder Acolyte)       Turns: 806, Time: 00:07:36

Health: -23/73     AC: 14    Str: 17    XL:     8   Next: 34%
Magic:  4/13       EV:  9    Int: 15    God:    Ignis [****..]
Gold:   248        SH:  3    Dex:  8    Spells: 11/13 levels left

rFire   + . .      SeeInvis +    a - -1 mace (flame)
rCold   . . .      Faith    .    b - +0 buckler
rNeg    . . .      Spirit   .    d - +1 leather armour "Qomeph" {rElec}
rPois   +          Reflect  .    g - +0 helmet
rElec   +          Harm     .    (no cloak)
rCorr   .          Rampage  .    i - +0 pair of gloves
Will    +....      NoTele   +    (no barding)
Stlth   +.........               (no amulet)
HPRegen 0.22/turn                (no ring)
MPRegen 0.13/turn                (no ring)

@: fiery-armoured, very slow
A: AC +2, large, see invisible, deformed body, poison resistance, slowness 2,
spit poison 1, naga tail 1
a: Spit Poison, Renounce Religion, Fiery Armour, Foxfire Swarm, Rising Flame


You were in the Dungeon.
You worshipped Ignis.
Ignis was greatly pleased with you.
You visited 1 branch You collected 729 gold pieces.
You spent 481 gold pieces at shops.

Inventory:

Hand Weapons
 a - a -1 mace of flaming (weapon)
Armour
 b - a +0 buckler (worn)
 d - the +1 leather armour "Qomeph" (worn) {rElec}
   (You bought it in a shop in the Dungeon)

   rElec:     It insulates you from electricity.
 g - a +0 helmet (worn)
 i - a +0 pair of gloves (worn)
Potions
 e - a potion of haste
 f - 2 potions of magic


   Skills:
 - Level 4.7 Fighting
 - Level 15.6 Maces & Flails
 + Level 3.0 Dodging
 + Level 1.0 Shields
 - Level 3.4 Spellcasting
 - Level 6.2 Fire Magic


You had 11 spell levels left.
You knew the following spells:

 Your Spells              Type           Power      Damage    Failure   Level
a - Scorch                Fire           42%        2d7       3%          2

Your spell library contained the following spells:

 Spells                   Type           Power      Damage    Failure   Level


Dungeon Overview and Level Annotations

Branches:
Dungeon (1/1)

Altars:

Shops:
D ::[![=?[![(=(=!

Annotations:
D exclusions: ice statue and oklob plant


Innate Abilities, Weirdness & Mutations

Your serpentine skin is tough. (AC +2)
You have supernaturally acute eyesight. (SInv)
Armour fits poorly on your strangely shaped body.
Your system is resistant to poisons. (rPois)
You cover ground very slowly.
You can spit poison.
You have a snake-like lower body.


Message History

The boulder beetle leaps!
Casting: Scorch (safe; 3% risk of failure)
Confirm with . or Enter, or press ? or * to list all spells.
You can't see any susceptible monsters within range! (Use Z to cast anyway.) Unknown command.
Unknown command.
Your magical contamination has completely faded away.
The boulder beetle curls into a ball and begins rolling!
You open the door.
The boulder beetle hits you but does no damage.
The boulder beetle stops rolling and uncurls.
As you read the scroll labelled TEBLUN NANEGHE, it crumbles to dust.
Your body is wracked with pain!
* * * LOW HITPOINT WARNING * * *
The boulder beetle convulses! x2; It was a scroll of torment.
The boulder beetle bites you but does no damage.
The boulder beetle is burned by your cloak of flames.
The boulder beetle is severely wounded.
Okay, then.
Unknown command.
Activating: Foxfire Swarm
Press: ? - help, Dir - look around, f - activate Flames leap up around you!
The foxfire hits the boulder beetle.
The boulder beetle is heavily wounded.
The boulder beetle bites you!
* * * LOW HITPOINT WARNING * * *
You sock the boulder beetle! You burn the boulder beetle.
The boulder beetle is almost dead.
The foxfire hits the boulder beetle but does no damage.
The boulder beetle is heavily wounded.
The foxfire hits the boulder beetle but does no damage.
The boulder beetle is heavily wounded.
The foxfire hits the boulder beetle but does no damage.
The boulder beetle is almost dead.
The foxfire hits the boulder beetle.
The boulder beetle is heavily wounded.
The foxfire hits the boulder beetle but does no damage.
The boulder beetle is almost dead.
The boulder beetle bites you!!
You die... ####+ ##≈≈≈≈ ##≈≈≈≈≈ +≈≈≈§§≈ #≈≈≈SS ~## §SS

#########~~#+++#+++##
########~~~.....@B..#
...∩.∩.#~~~~.##B##..#
..∩.∩..#~~~~##...##.####
.∩.∩...#~~~~#..#..#....#
⌠.∩....#~~####.#.####..##
.∩.∩...#~##.###'###.##..#
..∩.∩..#÷#...##.##°B.#..#
...∩.∩.'~'.#)+.<.'###+..###
......∩#~#...##.##...#....###.


You could see 2 boulder beetles and 4 electric eels.

Vanquished Creatures
  A merfolk siren (D)
  2 wyverns (D)
  2 water moccasins (D)
  4 necrophages (D)
  A scorpion (D)
10 creatures vanquished.

Vanquished Creatures (others)
  Menkaure (D)
  5 foxfires (D)
6 creatures vanquished.

Grand Total: 16 creatures vanquished

Notes
Turn   | Place    | Note
-------+----------+-------------------------------------------
     0 | D        | Ankalagon the Naga Cinder Acolyte began the quest for the
                  | Orb.
     0 | D        | Reached XP level 1. HP: 21/21 MP: 2/2
     1 | D        | Noticed a necrophage
     1 | D        | Noticed a necrophage
     1 | D        | Noticed a necrophage
     1 | D        | Noticed a necrophage
     6 | D        | Killed a necrophage
     7 | D        | Reached skill level 4 in Maces & Flails
     7 | D        | Reached XP level 2. HP: 30/31 MP: 3/6
     7 | D        | Reached XP level 3. HP: 36/37 MP: 3/7
     7 | D        | Reached XP level 4. HP: 44/45 MP: 3/9
    11 | D        | Killed a necrophage
    12 | D        | Reached skill level 7 in Maces & Flails
    12 | D        | Reached XP level 5. HP: 46/51 MP: 3/10
    16 | D        | Reached skill level 9 in Maces & Flails
    23 | D        | Reached skill level 10 in Maces & Flails
    23 | D        | Reached XP level 6. HP: 41/58 MP: 4/11
    26 | D        | Noticed a boulder beetle
    26 | D        | Noticed a boulder beetle
    29 | D        | Noticed a wyvern
    29 | D        | Noticed a wyvern
    36 | D        | Killed a wyvern
    37 | D        | Reached skill level 12 in Maces & Flails
    41 | D        | Killed a wyvern
    42 | D        | Reached skill level 13 in Maces & Flails
    42 | D        | Reached XP level 7. HP: 18/66 MP: 7/12
    48 | D        | Noticed a merfolk siren
    54 | D        | HP: 3/66 [merfolk siren/+0 trident (9)]
    56 | D        | Killed a merfolk siren
    57 | D        | Reached skill level 15 in Maces & Flails
    57 | D        | Reached XP level 8. HP: 5/73 MP: 9/13
    65 | D        | Learned a level 2 spell: Scorch
    70 | D        | Killed Menkaure
   355 | D        | Found Naoth's Distillery.
   355 | D        | Found Woor's Antique Armour Shop.
   355 | D        | Found Mowius's Antique Weapon Shop.
   355 | D        | Found Otou's Weapon Shop.
   355 | D        | Found Nausox's Magic Scroll Boutique.
   356 | D        | Found Pedomoch's Distillery.
   356 | D        | Found Feryme's Jewellery Shop.
   356 | D        | Found Jenois's Jewellery Boutique.
   356 | D        | Found Ejiepo's Antique Armour Shop.
   356 | D        | Found Raucweac's Distillery.
   362 | D        | Reached skill level 1 in Dodging
   362 | D        | Reached skill level 5 in Fire Magic
   406 | D        | Found Pouneumi's Armour Shop.
   406 | D        | Found Ysi Metinla's Book Boutique.
   406 | D        | Noticed a yak
   407 | D        | Found Dografico's Jewellery Boutique.
   407 | D        | Found Ocuo's Antique Armour Shop.
   407 | D        | Noticed a yak
   408 | D        | Noticed a yak
   408 | D        | Noticed an oklob plant
   408 | D        | Noticed a wyvern
   409 | D        | Found Dipuleot's Book Shoppe.
   410 | D        | Noticed a wyvern
   413 | D        | Noticed an iron elemental
   433 | D        | Bought a jewelled leather armour for 189 gold pieces
   433 | D        | Identified the +1 leather armour "Qomeph" {rElec} (You
                  | bought it in a shop in the Dungeon)
   447 | D        | Bought a buckler for 81 gold pieces
   447 | D        | Bought a helmet for 81 gold pieces
   469 | D        | Bought a pair of gloves for 130 gold pieces
   751 | D        | Reached skill level 1 in Shields
   759 | D        | Noticed an ice statue
   805 | D        | HP: 1/73 [boulder beetle (13)]
   806 | D        | Annihilated by a boulder beetle

Illustrated notes

Levels and vault maps discovered:
D:        the_violet_keep_of_menkaure [sprint2_stairs_cluster_1,
          sprint2_shoproom, sprint2_temple, sprint2_basic_supplies,
          sprint2_obstacle_2, sprint2_obstacle_6, sprint2_obstacle_7,
          sprint2_obstacle_3, sprint2_obstacle_1, sprint2_timed_cluster_1,
          sprint2_smallroom_cluster_1, sprint2_smallroom_final_cluster_1,
          sprint2_transparent_cluster_1, sprint2_second_timed_cluster_1,
          sprint2_sniper_area_1, sprint2_heavy_combat_area_1,
          sprint2_mutation_trap_area_1, sprint2_forest_area_1,
          sprint2_light_combat_area_1, sprint2_behind_water_1,
          sprint2_near_end_vault_1]

Skill      XL: |  1  2  3  4  5  6  7  8 |
---------------+-------------------------+-----
Fighting       | 4 |  4.7
Maces & Flails | 4 7 10 13 15 | 15.6
Spellcasting   | 3 |  3.4
Fire Magic     | 4 6 |  6.2
Dodging        | 3 |  3.0
Shields        | 1 |  1.0

Action                   |  1- 3 |  4- 6 |  7- 9 || total
-------------------------+-------+-------+-------++-------
Melee: Mace              |     4 |    27 |    32 ||    63
       Punch             |       |     1 |       ||     1
 Cast: Scorch            |       |       |     8 ||     8
Invok: Fiery Armour      |     1 |       |     2 ||     3
       Foxfire Swarm     |       |       |     1 ||     1
 Abil: Spit Poison       |       |     1 |     7 ||     8
  Use: Potion            |       |       |     3 ||     3
       Scroll            |       |       |     2 ||     2
Armor: Robe              |     1 |    10 |     2 ||    13
       Leather armour    |       |       |     6 ||     6
Dodge: Dodged            |     1 |    11 |    17 ||    29

Table legend: (Time is in decaauts)
 A = Elapsed time spent in this place.
 B = Non-inter-level travel time spent in this place.
 C = Inter-level travel time spent in this place.
 D = Time resting spent in this place.
 E = Time spent auto-exploring this place.
 F = Levels seen in this place.
 G = Mean time per level.
                   A        B        C        D        E       F      G
               +--------+--------+--------+--------+--------+-----+--------+
         Total |    874 |    874 |      0 |    550 |      0 |   1 |  874.0 |
       Dungeon |    874 |    874 |      0 |    550 |      0 |   1 |  874.0 |
               +--------+--------+--------+--------+--------+-----+--------+

Top non-repeatable levels by time:
       D: 874 daAuts
